 Dungeon Crawl Stone Soup version 0.23.2-33-g5129a83184 (webtiles) character file.

Game seed: 7876936729320736218

209 FishyPogo the Sneak (level 5, 0/21 HPs)
             Began as a Felid Ice Elementalist on July 28, 2019.
             Slain by Edmund
             ... wielding a +3 dire flail of holy wrath
              (13 damage)
             ... on level 4 of the Dungeon.
             The game lasted 00:32:00 (5483 turns).

FishyPogo the Sneak (Felid Ice Elementalist)        Turns: 5483, Time: 00:32:00

Health: 0/21       AC:  2    Str:  4    XL:     5   Next: 55%
Magic:  3/11       EV: 20    Int: 16    God:
Gold:   213        SH:  0    Dex: 19    Spells: 4/11 levels left
                                        Lives:  0   Deaths: 1

rFire    . . .     SeeInvis +     - Unarmed
rCold    . . .     Gourm    .   (shield unavailable)
rNeg     + . .     Faith    .   (armour unavailable)
rPois    .         Spirit   .   (helmet unavailable)
rElec    .         Reflect  .   (cloak unavailable)
rCorr    .         Harm     .   (gloves unavailable)
MR       .....                  (boots unavailable)
Stlth    +++.......             (no amulet)
HPRegen  0.07/turn              d - ring of positive energy
MPRegen  0.12/turn              (no ring)

@: quick
A: very small, no armour, no weapons or thrown items, stealth, claws 1, fangs 3,
see invisible, carnivore, speed 1, shaggy fur 2, slow metabolism 1, sharp paws
a: no special abilities


You were on level 4 of the Dungeon.
You were full.

You visited 1 branch of the dungeon, and saw 4 of its levels.

You collected 213 gold pieces.

Inventory:

Jewellery
 d - a ring of positive energy (left paw)
Wands
 h - a wand of disintegration (11)
 j - a wand of acid (9)
Scrolls
 a - 2 scrolls of amnesia
 c - 5 scrolls of identify
 i - 2 scrolls of remove curse
 l - a scroll of noise {unknown}
Potions
 e - 3 potions of brilliance {unknown}
 f - a potion of mutation {unknown}
 g - a potion of invisibility {unknown}
 k - a potion of agility {unknown}
Comestibles
 b - 8 rations


   Skills:
 * Level 4.1 Dodging
 * Level 4.6 Stealth
 - Level 1.0 Unarmed Combat
 + Level 3.5 Spellcasting
 * Level 1.7 Conjurations
 * Level 1.9 Summonings
 + Level 3.8 Ice Magic


You had 4 spell levels left.
You knew the following spells:

 Your Spells              Type           Power        Failure   Level  Hunger
a - Freeze                Ice            ###.         3%          1    None
b - Throw Frost           Conj/Ice       ##....       9%          2    ##.....
c - Summon Ice Beast      Ice/Summ       ##......     47%         4    ####...

Your spell library contained the following spells:

 Spells                   Type           Power        Failure   Level  Hunger
 Ozocubu's Armour         Chrm/Ice       #.......     24%         3    ###....
 Throw Icicle             Conj/Ice       ##......     50%         4    ####...


Dungeon Overview and Level Annotations

Branches:
Dungeon (4/15)
 Temple: D:4-7

Altars:
Kikubaaqudgha

Annotations:
D:4 Blork the orc, Edmund


Innate Abilities, Weirdness & Mutations

You cannot wear armour.
You are incapable of wielding weapons or throwing items.
Your paws allow you to move quietly. (Stealth)
You have sharp claws.
You have razor-sharp teeth.
You have supernaturally acute eyesight. (SInv)
You are carnivorous and can eat meat at any time.
You cover ground quickly.
You are covered in thick fur. (AC +2)
You have a slow metabolism.
Your sharp claws are effective at attacking unaware monsters.


Message History

The hound misses you. The adder misses you. The hound bites you.
You closely miss the hound.
The hound is moderately wounded.
The adder barely misses you. Edmund closely misses you.
The hound bites you but does no damage.
You scratch the hound but do no damage. You bite the hound, but do no damage.
The hound is moderately wounded.
The adder barely misses you. The hound closely misses you.
Edmund says, "People accused me of being a cutpurse!"
Edmund closely misses you. The adder closely misses you.
The hound closely misses you.
You scratch the hound.
The hound is moderately wounded.
Edmund misses you. The adder misses you. The hound bites you.
You scratch the adder.
The adder is lightly wounded.
The hound closely misses you. The adder completely misses you.
Edmund hits you with a +3 dire flail of holy wrath!
Ouch! That really hurt!
You die...

#.................
#.................
#.................
#................. #
#............##### #≈
###########'##.... #≈≈
#....?............
#.#...#(@.........S.....
#.....h@S..##...@.##....
#.....##...##.....##....
#.... ##...........#....
#... #.......?....#@...
... #............#.S..
.. ##...##.....##.... #
#...##.....##....
#...........##....
########
#...........##'###


You could see Edmund, a hound and an adder.

Vanquished Creatures
  A scorpion (D:4)
  A hound (D:4)
  An orc wizard (D:4)
  Crazy Yiuf (D:3)
  Ijyb (D:3)
  Jessica (D:2)
  A gnoll (D:1)
  5 adders
  An ooze (D:1)
  3 worms
  4 dart slugs
  6 leopard geckos
  6 orcs
  2 bat zombies (D:3)
  6 giant cockroaches
  9 goblins
  7 hobgoblins
  5 jackals (D:2)
  A quokka (D:2)
  A ball python (D:1)
  9 bats
  5 frilled lizards
  10 kobolds
  7 rats
  2 rat zombies (D:3)
96 creatures vanquished.

Notes
Turn   | Place    | Note
-------+----------+-------------------------------------------
     0 | D:1      | FishyPogo the Felid Ice Elementalist began the quest for
                  | the Orb.
     0 | D:1      | Reached XP level 1. HP: 7/7 MP: 4/4
   459 | D:2      | Reached XP level 2. HP: 8/11 MP: 1/6
  1238 | D:1      | Reached XP level 3. HP: 10/14 MP: 0/7
  1736 | D:1      | Learned a level 2 spell: Throw Frost
  2288 | D:2      | Reached skill level 1 in Unarmed Combat
  2288 | D:2      | Reached XP level 4. HP: 18/18 MP: 4/9
  2294 | D:2      | Learned a level 4 spell: Summon Ice Beast
  3105 | D:2      | Noticed Jessica
  3112 | D:2      | Killed Jessica
  3112 | D:2      | Reached skill level 1 in Conjurations
  3601 | D:3      | Reached XP level 5. HP: 21/21 MP: 0/10
  3713 | D:3      | Noticed Ijyb
  3721 | D:3      | Killed Ijyb
  3936 | D:3      | Found a runed translucent door.
  3937 | D:3      | Noticed Crazy Yiuf
  3968 | D:3      | Killed Crazy Yiuf
  3968 | D:3      | Reached skill level 1 in Summonings
  4353 | D:3      | Found an ancient bone altar of Kikubaaqudgha.
  4717 | D:4      | Gained mutation: You are covered in thick fur. (AC +2)
                  | [Felid growth]
  4717 | D:4      | Reached XP level 6. HP: 23/24 MP: 6/11
  4975 | D:4      | Noticed Edmund
  5005 | D:4      | Slain by a leopard gecko
  5006 | D:4      | Reached XP level 5. HP: -1/21 MP: 10/11
  5281 | D:4      | Noticed Blork the orc
  5483 | D:4      | Slain by Edmund

Skill      XL: |  1  2  3  4  5  6 |
---------------+-------------------+-----
Stealth        | 3 4 |  4.6
Ice Magic      | 3 |  3.8
Dodging        | 3 4 |  4.1
Unarmed Combat | 1 |  1.0
Conjurations   | 1 |  1.7
Spellcasting   | 3 |  3.5
Summonings     | 1 |  1.9

Action                   |  1- 3 |  4- 6 || total
-------------------------+-------+-------++-------
Melee: Unarmed           |    54 |   112 ||   166
       Bite              |     5 |    12 ||    17
 Cast: Freeze            |    48 |    52 ||   100
       Throw Frost       |     5 |    54 ||    59
Evoke: Wand              |       |     1 ||     1
  Use: Scroll            |     2 |     3 ||     5
 Stab: Sleeping          |     9 |     8 ||    17
  Eat: Chunk             |    10 |    11 ||    21
Armor: Skin              |     3 |    17 ||    20
Dodge: Dodged            |    61 |   150 ||   211
